 Dungeon Crawl Stone Soup version 0.29-a0-371-g91724d5b39 (webtiles) character file.

Game seed: 17049342313037448174

892 spaghetti the Slicer (level 8, -1/58 HPs)
             Began as a Vine Stalker Berserker on May 3, 2022.
             Was a Priest of Trog.
             Slain by a gnoll
             ... wielding a +0 spear of venom
             ... led by a gnoll shaman
              (7 damage)
             ... on level 5 of the Dungeon.
             The game lasted 00:06:39 (3970 turns).

spaghetti the Slicer (Vine Stalker Berserker)       Turns: 3970, Time: 00:06:40

Health: -1/58      AC:  2    Str: 19    XL:     8   Next: 6%
Magic:  0/9        EV: 16    Int:  7    God:    Trog [***...]
Gold:   131        SH:  0    Dex: 17    Spells: 7/7 levels left

rFire   . . .      SeeInvis .   u - +2 dagger (venom) {short}
rCold   . . .      Faith    .   (no shield)
rNeg    . . .      Spirit   +   b - +0 animal skin
rPois   .          Reflect  .   (no helmet)
rElec   .          Harm     .   (no cloak)
rCorr   .          Rampage  .   (no gloves)
Will    +++..                   (no boots)
Stlth   ..........              (no amulet)
HPRegen 1.99/turn               k - +4 ring of evasion
MPRegen 0.11/turn               (no ring)

@: berserking, lethally poisoned (-1 -> -3), strong-willed, regenerating,
studying Fighting, very quick
A: fangs 3, regeneration 1, magic shield, antimagic bite, no potion heal 2
a: Renounce Religion, Berserk, Trog's Hand


You were on level 5 of the Dungeon.
You worshipped Trog.
Trog was most pleased with you.
You visited 1 branch of the dungeon, and saw 5 of its levels.

You collected 131 gold pieces.


Innate Abilities, Weirdness & Mutations

You have razor-sharp teeth.
Your natural rate of healing is unusually fast.
When hurt, damage is shared between your health and your magic reserves.
Your bite disrupts and absorbs the magic of your enemies.
Potions cannot restore your health.


   Skills:
 - Level 2.6 Fighting
 + Level 8.6 Short Blades
 - Level 1.5 Armour
 - Level 1.5 Dodging


You had 7 spell levels left.
You didn't know any spells.
Your spell library was empty.

Inventory:

Hand Weapons
 a - a +0 short sword {short}
 d - a +1 short sword of venom {short}
   (You found it on level 1 of the Dungeon)
 u - a +2 dagger of venom (weapon) {short}
   (You took it off a kobold on level 4 of the Dungeon)
Missiles
 g - 79 stones (quivered) {throwing}
 j - 6 javelins {throwing}
 q - 6 poisoned darts {throwing}
 y - a throwing net {=f!fthrowing}
Armour
 b - a +0 animal skin (worn)
Jewellery
 i - a ring of resist corrosion
   (You found it on level 5 of the Dungeon)
 k - a +4 ring of evasion (left hand)
   (You found it on level 1 of the Dungeon)
Wands
 t - a wand of polymorph (12)
   (You found it on level 3 of the Dungeon)
Scrolls
 f - a scroll of magic mapping {unknown}
 l - a scroll of summoning
 p - 2 scrolls of teleportation {@r4}
 r - a scroll of brand weapon
Potions
 c - 2 potions of invisibility
 e - 2 potions of curing {@q1}
 h - a potion of brilliance
 m - a potion of cancellation
 n - 4 potions of flight
 o - a potion of heal wounds {unknown}
 s - a potion of mutation {unknown}
 v - a potion of magic {unknown}
 w - a potion of lignification {unknown}
 x - a potion of haste {unknown}

Dungeon Overview and Level Annotations

Branches:
Dungeon (5/15)             Temple (0/1) D:4

Altars:
Xom
Zin

Portals:
Abyss: D:3

Annotations:
D:3 2 transporters, bande's ghost, weakling GrFi
D:5 2 runed translucent doors

#. #$. ##
#..#########.# #
#............#
#.##..#!........# #
................#.#
#..).).......#.##
#..).@..........#
......g.....<......#
..#...g#.#####.....#
#.g..............#
......#.####......#
.#.#...#.. #......#
.......#.. #.#.#..#
#.##.#.#... #.#.#..#
#.#.#..#


You could see 3 gnolls.


Message History

There is a stone staircase leading up here.
The white imp barely misses you.
You closely miss the white imp. You bite the white imp.
The white imp's magic leaks into the air.
You drain its magic. You closely miss the white imp.
The white imp falters for a moment.
You hit the white imp but do no damage. You hit the white imp.
Your bite misses the white imp. The white imp hits you.
The white imp freezes you.
A gnoll comes into view.
It is wielding a +0 spear. 😕 HP[-2] MP[-1]
You take 2 damage, and now have 37/39 hp.
You lost 1 mp, and now have 8/9 mp.
You completely miss the white imp.
The gnoll shouts!
You bite the white imp, but do no damage.
The white imp falters for a moment. 😕 HP[+1]
You hit the white imp.
You kill the white imp!
Trog accepts your kill.
A gnoll shaman comes into view. It is wielding a +0 club.
The gnoll shaman shouts! 😎 HP[+1]
Your hp is fully restored (39).
A gnoll comes into view. It is wielding a +0 spear of venom.
A gnoll comes into view. It is wielding a +0 flail.
The gnoll closely misses you.
You barely miss the gnoll.
The gnoll shouts! x2
You bite the gnoll, but do no damage.
You hear a shout!
You closely miss the gnoll shaman. You bite the gnoll shaman!
You drain its power.
You feel invigorated. 😎 MP[+1]
Your mp is fully restored (9).
You hit the gnoll shaman. Your bite misses the gnoll shaman.
A gnoll comes into view. It is wielding a +0 halberd.
The gnoll hits you from afar with a +0 spear! 😕 HP[-7] MP[-1]
You take 7 damage, and now have 32/39 hp.
You lost 1 mp, and now have 8/9 mp.
The gnoll shouts!
You hit the gnoll shaman but do no damage.
Your bite misses the gnoll shaman. You closely miss the gnoll shaman.
The gnoll completely misses you. 😕 HP[+1]
The gnoll closely misses you.
The gnoll shaman hits you with a +0 club. 😕 HP[-3] MP[-2]
You take 3 damage, and now have 30/39 hp.
You lost 2 mp, and now have 6/9 mp.
Your skin crawls.
You feel strong-willed.
A gnoll comes into view. It is wielding a +0 flail.
The gnoll shaman calls upon its god to speed up the gnoll.
The gnoll seems to speed up.
The gnoll misses you.
The gnoll hits you with a +0 spear. 😮 HP[-2] MP[-1]
You take 2 damage, and now have 28/39 hp.
You lost 1 mp, and now have 5/9 mp.
Unknown command.
A red film seems to cover your vision as you go berserk!
You feel yourself moving faster!
You feel mighty! The gnoll hits you with a +0 flail!
The gnoll hits you from afar with a +0 halberd.
The gnoll completely misses you.
The gnoll hits you from afar with a +0 spear of venom!
* * * LOW HITPOINT WARNING * * *
You are poisoned.
The gnoll shaman closely misses you. The gnoll hits you with a +0 flail.
* * * LOW HITPOINT WARNING * * *
😨 HP[-10] MP[-2]
You now have 58 max hp (+19).
You lost 2 mp, and now have 3/9 mp.
You hit the gnoll shaman.
You feel the power of Trog in you as your rage grows.
You kill the gnoll shaman!
Trog accepts your kill.
You feel sick. 😨 HP[-1]
You take 1 damage, and now have 17/58 hp.
You puncture the gnoll!
The gnoll is poisoned.
You bite the gnoll.
You kill the gnoll!
Trog accepts your kill.
You feel sick. The gnoll closely misses you.
The gnoll hits you with a +0 spear!
* * * LOW HITPOINT WARNING * * *
The gnoll barely misses you. 😱 HP[-10] MP[-1]
You take 10 damage, and now have 7/58 hp.
You lost 1 mp, and now have 2/9 mp.
You hit the gnoll. You bite the gnoll!
You kill the gnoll!
Trog accepts your kill.
You feel sick. 😱 HP[-1]
You take 1 damage, and now have 6/58 hp.
You feel sick.
The gnoll hits you from afar with a +0 spear of venom!
You die...

Skill      XL: |  1  2  3  4  5  6  7 |
---------------+----------------------+-----
Short Blades   | 3 4 5 6 7 8 |  8.6
Fighting       | |  2.6
Armour         | |  1.5
Dodging        | |  1.5

Action                   |  1- 3 |  4- 6 |  7- 9 || total
-------------------------+-------+-------+-------++-------
Melee: Short sword       |    58 |    57 |       ||   115
       Bite              |    12 |    35 |    24 ||    71
       Dagger            |       |    74 |    76 ||   150
       Punch             |       |     1 |       ||     1
Throw: Boomerang         |    33 |    75 |       ||   108
       Stone             |     5 |    41 |    19 ||    65
       Javelin           |     2 |       |       ||     2
Invok: Berserk           |       |       |     2 ||     2
       Trog's Hand       |       |       |     1 ||     1
  Use: Scroll            |       |    10 |       ||    10
 Stab: Distracted        |       |       |     1 ||     1
Armor: Animal skin       |     5 |     8 |     2 ||    15
Dodge: Dodged            |    29 |    59 |    35 ||   123

Levels and vault maps discovered:
D:1:      minmay_arrival_open_corners, layout_rooms
D:2:      layout_loops_ring
D:3:      layout_basic, gammafunk_ghost_abyssal_escape, minmay_close_crescents
D:4:      layout_loops_cross, kennysheep_little_box, minmay_temple_entry_grid,
          uniq_menkaure
D:5:      due_chaos_kobolds, layout_basic

Notes
Turn   | Place    | Note
-------+----------+-------------------------------------------
     0 | D:1      | spaghetti the Vine Stalker Berserker began the quest for
                  | the Orb.
     0 | D:1      | Reached XP level 1. HP: 11/11 MP: 2/2
     0 | D:1      | magus.rc [v1.9.6]
    46 | D:1      | HP: 2/11 [bat (1)]
    51 | D:1      | HP: 1/11 [bat (1)]
    54 | D:1      | Reached skill level 3 in Short Blades
   600 | D:1      | Reached XP level 2. HP: 13/16 MP: 3/3
  1510 | D:2      | Reached XP level 3. HP: 19/19 MP: 4/4
  1651 | D:2      | Reached skill level 4 in Short Blades
  1977 | D:2      | Gained mutation: Your natural rate of healing is unusually
                  | fast. [Vine Stalker growth]
  1977 | D:2      | Reached XP level 4. HP: 23/23 MP: 5/5
  2208 | D:3      | Reached ** piety under Trog
  2222 | D:3      | Found a transporter.
  2341 | D:3      | Found a transporter.
  2341 | D:3      | Found a one-way gate to the infinite horrors of the Abyss.
  2341 | D:3      | Noticed bande's ghost (weakling GrFi)
  2341 | D:3      | Noticed a small abomination
  2343 | D:3      | Noticed an ancient zyme
  2382 | D:3      | Reached skill level 5 in Short Blades
  2465 | D:3      | Reached XP level 5. HP: 27/27 MP: 4/6
  2723 | D:4      | Found a staircase to the Ecumenical Temple.
  2724 | D:4      | Noticed a phantom
  2743 | D:4      | Killed a phantom
  2877 | D:4      | Reached skill level 6 in Short Blades
  2877 | D:4      | Reached XP level 6. HP: 30/32 MP: 7/7
  3102 | D:4      | Noticed Menkaure
  3110 | D:4      | Killed Menkaure
  3110 | D:4      | Reached *** piety under Trog
  3199 | D:4      | Found a glowing silver altar of Zin.
  3294 | D:4      | Identified a scroll of acquirement
  3303 | D:4      | Acquired a manual of Fighting
  3455 | D:5      | Entered Level 5 of the Dungeon
  3487 | D:5      | Reached skill level 7 in Short Blades
  3487 | D:5      | Reached XP level 7. HP: 27/35 MP: 6/8
  3648 | D:5      | Reached skill level 8 in Short Blades
  3863 | D:5      | Found a large runed translucent door.
  3863 | D:5      | Found a large runed translucent door.
  3866 | D:5      | Found a shimmering altar of Xom.
  3895 | D:5      | Gained mutation: You have razor-sharp teeth. [Vine Stalker
                  | growth]
  3895 | D:5      | Reached XP level 8. HP: 26/39 MP: 9/9
  3968 | D:5      | HP: 7/58 [gnoll/+0 spear[a gnoll shaman] (9)]
  3970 | D:5      | Slain by a gnoll

Vanquished Creatures
  Menkaure (D:4)
  A water moccasin (D:5)
  2 phantoms
  A necrophage (D:4)
  2 scorpions (D:5)
  An orc priest (D:5)
  A hound (D:5)
  An iguana (D:5)
  A gnoll shaman (D:5)
  6 gnolls (D:5)
  7 adders
  A white imp (D:5)
  A worm (D:2)
  A dart slug (D:3)
  10 orcs
  9 ball pythons
  5 bats
  15 endoplasms
  2 giant cockroaches
  6 goblins
  8 hobgoblins
  2 jackals (D:1)
  8 kobolds
  2 quokkas
  3 frilled lizards
  5 rats
102 creatures vanquished.

Table legend:
 A = Non-vault XP
 B = Vault XP
 C = Vault XP percentage of total XP
 D = Non-vault monster count
 E = Vault monster count
 F = Vault count percentage of total count
                 A         B        C        D         E       F
            +---------+---------+-------+---------+---------+-------
      Total |    1089 |     186 |  14.6 |      98 |       4 |   3.9
            +---------+---------+-------+---------+---------+-------
        D:1 |      24 |       0 |   0.0 |      13 |       0 |   0.0
        D:2 |      71 |       0 |   0.0 |      21 |       0 |   0.0
        D:3 |      86 |       3 |   3.4 |      26 |       3 |  10.3
        D:4 |     223 |     183 |  45.1 |      18 |       1 |   5.3
        D:5 |     685 |       0 |   0.0 |      20 |       0 |   0.0
            +---------+---------+-------+---------+---------+-------

Illustrated notes

Table legend:
 A = Kills in this place as a percentage of kills in entire the game.
 B = Kills by you in this place as a percentage of kills by you in the entire game.
 C = Kills by friends in this place as a percentage of kills by friends in the entire game.
 D = Other kills in this place as a percentage of other kills in the entire game.
 E = Experience gained in this place as a percentage of experience gained in the entire game.
 F = Experience gained in this place divided by the number of levels of this place that you have seen.
                   A       B       C       D       E      F
               +-------+-------+-------+-------+-------+----------------------
         Total | 100.0 | 100.0 |   N/A |   N/A | 100.0 | 255.0
       Dungeon | 100.0 | 100.0 |   N/A |   N/A | 100.0 | 255.0
               +-------+-------+-------+-------+-------+----------------------

Table legend: (Time is in decaauts)
 A = Elapsed time spent in this place.
 B = Non-inter-level travel time spent in this place.
 C = Inter-level travel time spent in this place.
 D = Time resting spent in this place.
 E = Time spent auto-exploring this place.
 F = Levels seen in this place.
 G = Mean time per level.
                   A        B        C        D        E       F      G
               +--------+--------+--------+--------+--------+-----+--------+
         Total |   3953 |   3869 |     84 |    329 |   2857 |   5 |  790.6 |
       Dungeon |   3953 |   3869 |     84 |    329 |   2857 |   5 |  790.6 |
               +--------+--------+--------+--------+--------+-----+--------+

Top non-repeatable levels by time:
     D:1: 1300 daAuts
     D:2: 772 daAuts
     D:4: 752 daAuts
     D:3: 637 daAuts
     D:5: 489 daAuts
